cohdb
Replays
Latest Replays
All Replays
Popular Replays
Top Player Replays
Match Explorer
How It Works
Community
CoH3 Stats
Reddit
Sign in to upload your games and track your stats! →
Sign in with Steam
Match 42118288
Unlisted
Match 42118288
Overview
Messages
Build Orders
End
Panzerpioneer Squad
250 Light Carrier
Panzerpioneer Squad
Panzergrenadier Squad
Construct Light Support Kompanie
MG34 Team
Panzergrenadier Squad
Combat Half-tracks
Construct Mechanized Kompanie
Panzerjäger Mechanized Group
Support Armor Elements
Selects Battlefield Espionage Battlegroup
Selects 250/3 Funkpanzerwagen
Selects Anti-Tank Incendiary Munitions
StuG III D Assault Gun
Pak 38 Anti-tank Gun Team
2.5-tonne Medical Truck
Vehicle Survival Package
Selects Intel Disruption Beacon
Selects Transfer Depots
Veteran Squad Leaders
Construct Panzerarmee Kommand
Walking Stuka Rocket Launcher
Marder III Tank Destroyer
Emergency Repair Kits
MG34 Team
xizi20
Kitsuné
0
0
Comments
sign in to comment!
No comments posted yet!